 Dungeon Crawl Stone Soup version 0.25-a0-635-g0c6c292ef3 (webtiles) character file.

Game seed: 1729126353455510443, levelgen mode: deterministic

16903 kae the Severer (level 12, -4/112 HPs)
             Began as a Hill Orc Fighter on Mar 20, 2020.
             Was a Priest of Qazlal.
             Slain by a large slime creature (28 damage)
             ... on level 12 of the Dungeon.
             The game lasted 00:10:01 (13474 turns).

kae the Severer (Hill Orc Fighter)                 Turns: 13474, Time: 00:10:01

Health: -4/112     AC: 21    Str: 26    XL:     12   Next: 42%
Magic:  31/31      EV:  7    Int:  8    God:    Qazlal [***...]
Gold:   561        SH: 14    Dex: 10    Spells: 11/11 levels left

rFire    . . .     SeeInvis .   a - +0 war axe
rCold    . . .     Gourm    .   c - +0 kite shield
rNeg     . . .     Faith    .   q - +6 scale mail of the Elven Halls {rElec Str+2}
rPois    .         Spirit   .   A - +2 hat {MR+}
rElec    +         Reflect  .   (no cloak)
rCorr    .         Harm     .   i - +0 pair of gloves
MR       +....                  (no boots)
Stlth    ..........             (no amulet)
HPRegen  0.28/turn              h - +5 ring of protection
MPRegen  0.22/turn              z - ring of magical power

@: slowed, very slow
A: no striking features
a: Upheaval, Elemental Force, Renounce Religion


You were on level 12 of the Dungeon.
You worshipped Qazlal.
Qazlal was most pleased with you.
You were very hungry.

You visited 2 branches of the dungeon, and saw 13 of its levels.

You collected 561 gold pieces.

Inventory:

Hand Weapons
 a - a +0 war axe (weapon)
Armour
 c - a +0 kite shield (worn)
 i - a +0 pair of gloves (worn)
 q - the +6 scale mail of the Elven Halls (worn) {rElec Str+2}
   (You found it on level 4 of the Dungeon)

   It affects your strength (+2).
   It insulates you from electricity.
 A - a +2 hat of magic resistance (worn)
 B - a +2 helmet
Jewellery
 h - a +5 ring of protection (left hand)
 k - an uncursed ring of fire
 v - an uncursed ring of ice
 x - an uncursed ring of flight
 z - a ring of magical power (right hand)
 G - an uncursed ring of ice
 H - an uncursed ring of fire
Wands
 g - a wand of disintegration (15)
 r - a wand of acid (8)
 u - a wand of iceblast (24)
 y - a wand of flame (38)
 E - a wand of digging (5)
 I - a wand of random effects (11)
Scrolls
 l - 2 scrolls of magic mapping
 p - 7 scrolls of remove curse
 w - 7 scrolls of identify
 C - a scroll of amnesia
 F - 2 scrolls of teleportation
 K - a scroll of acquirement
Potions
 b - 2 potions of brilliance
 d - a potion of might
 e - 3 potions of heal wounds
 j - 4 potions of curing
 m - 5 potions of lignification
 n - a potion of resistance
 o - 2 potions of flight
 s - 2 potions of stabbing
 t - 2 potions of ambrosia
 D - 3 potions of cancellation
 L - a potion of degeneration {unknown}
Comestibles
 f - 24 rations


   Skills:
 + Level 11.9 Fighting
 * Level 16.8 Axes
 - Level 3.2 Armour
 - Level 3.2 Shields
 * Level 13.7 Invocations


You had 11 spell levels left.
You didn't know any spells.
Your spell library contained the following spells:

 Spells                   Type           Power        Failure   Level  Hunger
 Freeze                   Ice            #...         99%         1    ##.....
 Ensorcelled Hibernation  Hex/Ice        #.....       100%        2    ###....
 Passwall                 Tmut/Erth      #.......     100%        2    ###....
 Confusing Touch          Hex            #.......     100%        3    ####...
 Frozen Ramparts          Ice            #.....       100%        3    ####...
 Gell's Gravitas          Tloc           #.........   100%        3    ####...
 Ozocubu's Armour         Chrm/Ice       #.......     100%        3    ####...
 Stone Arrow              Conj/Erth      #.....       100%        3    ####...
 Hailstorm                Conj/Ice       #.......     100%        4    #####..
 Petrify                  Tmut/Erth      #.......     100%        4    #####..
 Summon Ice Beast         Ice/Summ       #.......     100%        4    #####..
 Bolt of Magma            Conj/Fire/Erth #.........   100%        5    ######.
 Metabolic Englaciation   Hex/Ice        #.........   100%        5    ######.
 Yara's Violent Unravell  Hex/Tmut       #.........   100%        5    ######.


Dungeon Overview and Level Annotations

Branches:
Dungeon (12/15)            Temple (1/1) D:6            Lair (0/6) D:9
    Orc: D:9-12

Altars:
Ashenzari
Cheibriados
Dithmenos
Elyvilon
Fedhas
Gozag
Hepliaklqana
Kikubaaqudgha
Makhleb
Nemelex Xobeh
Okawaru
Qazlal
Ru
Sif Muna
Trog
Uskayaw
Vehumet
Wu Jian
Xom
Yredelemnul
Zin
The Shining One

Shops:
D:10 (

Annotations:
D:9 3 runed translucent doors, Sioqy's ghost, novice NaEn; VincentAMV's ghost, journeyman NaFi; erdraug's ghost, journeyman TeAE


Message History

You hit the enormous slime creature.
The enormous slime creature is moderately wounded.
You slash the wraith!
An enormous slime creature splits.
You block the wraith's attack.
You hit the large slime creature.
The large slime creature is moderately wounded.
You hit the large slime creature. You hit the wraith but do no damage.
The large slime creature hits you!!
* * * LOW HITPOINT WARNING * * *
The wraith hits you.
* * * LOW HITPOINT WARNING * * *
The large slime creature is engulfed in blazing flames.
A large slime creature splits.
You hit the large slime creature.
The large slime creature is moderately wounded.
You slash the slime creature!
You hit the slime creature but do no damage.
You barely miss the wraith. The wraith hits you but does no damage.
The large slime creature hits you!!
You die...

##.#
#.#######.###.#######
#.........#.........#
#..######'#.........#
#..## #...........).#
#...# #............%#
#.#.###.............#
#.#..##.....JJJ.....#
..##.##.....W@°.†...#
#####..###'#).○.).(..#
#.........'......(..#
#.###.###.#....)..(.#
# #.# #.#.........#
#.. #.#.........# ##.
#.#.........#
.##.########### ..#+#


You could see a large slime creature, 2 slime creatures and a wraith.

Vanquished Creatures
  Fannar (D:10)
  Erolcha (D:10)
  2 two-headed ogres
  A tengu warrior (D:10)
  2 unseen horrors
  A deep elf mage (D:12)
  An ugly thing (D:12)
  A manticore (D:12)
  A cyclops (D:11)
  A centaur zombie (D:12)
  Maggie (D:6)
  4 trolls
  Prince Ribbit (D:7)
  A hornet (D:12)
  A slime creature (D:12)
  A shadow (D:12)
  4 wyverns
  9 yaks
  2 vampires
  A basilisk (D:9)
  2 hungry ghosts
  Edmund (D:6)
  4 porcupines (D:9)
  3 orc warriors
  A black bear (D:11)
  A hornet zombie (D:11)
  4 phantoms
  4 sky beasts
  An eye of draining (D:11)
  A necrophage (D:8)
  5 ogres
  5 centaurs
  5 crocodiles
  2 bullfrogs
  A big kobold (D:10)
  A gnoll sergeant (D:7)
  4 scorpions
  7 killer bees
  An electric eel (D:10)
  3 wights (D:11)
  3 howler monkeys
  2 crimson imps
  8 hounds
  4 quasits
  10 orc priests
  2 bullfrog skeletons
  3 centaur skeletons
  5 jellies
  12 orc wizards
  2 iguanas
  7 worker ants
  7 gnolls
  12 adders
  A shadow imp (D:7)
  An ooze (D:1)
  2 adder skeletons
  10 worms
  3 dart slugs (D:1)
  3 leopard geckos
  28 orcs
  3 ball pythons
  3 giant cockroaches
  4 goblins
  5 hobgoblins
  10 jackals
  2 quokkas
  6 bats
  6 frilled lizards
  A jackal skeleton (D:9)
  A jackal zombie (D:6)
  18 kobolds
  2 leopard gecko skeletons
  2 quokka skeletons
  9 rats
  2 plants
292 creatures vanquished.

Vanquished Creatures (others)
  A hound (D:12)
  4 withered plants (D:9)
5 creatures vanquished.

Grand Total: 297 creatures vanquished

Notes
Turn   | Place    | Note
-------+----------+-------------------------------------------
     0 | D:1      | kae the Hill Orc Fighter began the quest for the Orb.
     0 | D:1      | Reached XP level 1. HP: 19/19 MP: 1/1
   234 | D:1      | Reached skill level 3 in Axes
   370 | D:1      | Reached XP level 2. HP: 20/27 MP: 2/2
   832 | D:1      | Reached skill level 4 in Axes
   874 | D:1      | Reached XP level 3. HP: 29/33 MP: 3/3
  1574 | D:2      | Reached XP level 4. HP: 41/41 MP: 4/4
  1820 | D:2      | Reached skill level 5 in Axes
  2043 | D:2      | Found a shimmering altar of Xom.
  2044 | D:2      | Found an opulent altar of Gozag.
  2174 | D:2      | Found a burning altar of Makhleb.
  2739 | D:3      | Reached XP level 5. HP: 43/47 MP: 5/5
  3215 | D:3      | Noticed a moth of wrath
  3218 | D:3      | Found a bloodstained altar of Trog.
  3429 | D:4      | Reached skill level 6 in Axes
  3445 | D:4      | Reached skill level 5 in Fighting
  3515 | D:4      | Got a faintly humming scale mail
  3526 | D:4      | Identified the +6 scale mail of the Elven Halls {rElec
                  | Str+2} (You found it on level 4 of the Dungeon)
  3601 | D:4      | Reached XP level 6. HP: 53/56 MP: 6/6
  3984 | D:4      | Reached skill level 7 in Axes
  4039 | D:4      | Found a shimmering blue altar of Sif Muna.
  4247 | D:4      | Reached skill level 8 in Axes
  4247 | D:4      | Reached XP level 7. HP: 49/63 MP: 7/7
  4384 | D:5      | Entered Level 5 of the Dungeon
  4670 | D:5      | Reached skill level 9 in Axes
  5508 | D:6      | Reached XP level 8. HP: 43/73 MP: 8/8
  5680 | D:6      | Reached skill level 10 in Axes
  6014 | D:6      | Found a staircase to the Ecumenical Temple.
  6025 | D:6      | Reached skill level 11 in Axes
  6037 | Temple   | Entered the Ecumenical Temple
  6194 | Temple   | Became a worshipper of Qazlal Stormbringer
  6220 | D:6      | Noticed Edmund
  6237 | D:6      | Killed Edmund
  6237 | D:6      | Reached skill level 1 in Invocations
  6335 | D:6      | Noticed Maggie
  6347 | D:6      | Killed Maggie
  6347 | D:6      | Reached XP level 9. HP: 72/82 MP: 9/12
  6671 | D:6      | Reached skill level 12 in Axes
  6742 | D:7      | Reached skill level 5 in Invocations
  7612 | D:7      | Reached * piety under Qazlal
  7770 | D:7      | Noticed Prince Ribbit
  7786 | D:7      | Killed Prince Ribbit
  7786 | D:7      | Reached skill level 13 in Axes
  7786 | D:7      | Reached XP level 10. HP: 61/91 MP: 15/15
  8698 | D:8      | Found an iron altar of Okawaru.
  9155 | D:9      | Identified a scroll of acquirement
  9166 | D:9      | Found a staircase to the Lair.
  9215 | D:9      | Reached ** piety under Qazlal
  9219 | D:9      | Reached skill level 14 in Axes
  9222 | D:9      | Reached skill level 10 in Fighting
  9502 | D:9      | Found a runed translucent gate.
  9502 | D:9      | Found a runed translucent gate.
  9502 | D:9      | Found a runed translucent gate.
  9502 | D:9      | Noticed Sioqy's ghost (novice NaEn)
  9503 | D:9      | Noticed erdraug's ghost (journeyman TeAE)
  9503 | D:9      | Noticed VincentAMV's ghost (journeyman NaFi)
  9839 | D:9      | Reached skill level 10 in Invocations
 10279 | D:10     | Entered Level 10 of the Dungeon
 10472 | D:10     | Reached XP level 11. HP: 101/101 MP: 18/18
 10513 | D:10     | Found Pugion's Weapon Boutique.
 10572 | D:10     | Noticed Erolcha
 10591 | D:10     | Killed Erolcha
 10623 | D:10     | Noticed a tengu warrior
 10653 | D:10     | Killed a tengu warrior
 10653 | D:10     | Reached skill level 15 in Axes
 10695 | D:10     | Noticed Fannar
 10713 | D:10     | Killed Fannar
 11605 | D:10     | Killed an unseen horror
 12116 | D:11     | Noticed a cyclops
 12124 | D:11     | Killed a cyclops
 12315 | D:11     | Reached *** piety under Qazlal
 12360 | D:11     | Noticed a two-headed ogre
 12371 | D:11     | Killed a two-headed ogre
 12371 | D:11     | Reached skill level 16 in Axes
 12475 | D:11     | You fall into a shaft and drop 1 floor!
 12475 | D:12     | Noticed a deep elf mage
 12476 | D:12     | Noticed a manticore
 12519 | D:12     | Reached XP level 12. HP: 95/110 MP: 21/21
 13143 | D:12     | Noticed a two-headed ogre
 13158 | D:12     | Killed a two-headed ogre
 13429 | D:12     | Identified the Reference Book on the Snowflakes and Clay
 13474 | D:12     | Slain by a large slime creature

Levels and vault maps discovered:
D:1:      scummos_arrival_checkerplants, layout_loops_corners,
          chequers_serial_rivers_small_b
D:2:      layout_basic, chequers_temple_overflow_statue_of_worship,
          lemuel_coloured_pillars_altar
D:3:      layout_basic, tgw_trog
D:4:      layout_basic, led_sif_book, first_ration
D:5:      layout_basic
D:6:      layout_rooms, minmay_temple_entry_gardened_gates, uniq_edmund,
          uniq_maggie
D:7:      layout_basic, uniq_prince_ribbit1
D:8:      layout_basic, lemuel_crystal_altar
D:9:      kennysheep_spiral_hall, layout_long_grid, minmay_lair_entry_grove,
          gammafunk_ghost_cemetery
D:10:     layout_layer_cave, serial_shops, shop, minivault_14, grunt_tengu_nest,
          uniq_erolcha, uniq_fannar
D:11:     layout_loops_ring
D:12:     layout_basic, orc_0_dummy, grunt_ministairs_2
Temple:   compressed_dpeg_circular_temple

Skill      XL: |  1  2  3  4  5  6  7  8  9 10 11 12 |
---------------+-------------------------------------+-----
Axes           | 3 4 5 6 8 9 11 13 14 16 | 16.8
Fighting       | 4 5 6 7 8 9 10 11 | 11.9
Invocations    | 4 7 10 12 13 | 13.7
Armour         | |  3.2
Shields        | |  3.2

Action                   |  1- 3 |  4- 6 |  7- 9 | 10-12 || total
-------------------------+-------+-------+-------+-------++-------
Melee: War axe           |    85 |   184 |   332 |   586 ||  1187
Invok: Upheaval          |       |       |       |     1 ||     1
Evoke: Wand              |       |       |       |     2 ||     2
  Use: Scroll            |       |     6 |     4 |     9 ||    19
       Potion            |       |     1 |       |       ||     1
  Eat: Chunk             |     2 |     8 |    11 |    17 ||    38
       Ration            |       |       |     1 |     1 ||     2
Armor: Scale mail        |    44 |   112 |   156 |   270 ||   582
Dodge: Dodged            |    29 |    74 |    73 |   108 ||   284
Block: Kite shield       |    33 |    98 |   128 |   324 ||   583

Table legend:
 A = Non-vault XP
 B = Vault XP
 C = Vault XP percentage of total XP
 D = Non-vault monster count
 E = Vault monster count
 F = Vault count percentage of total count
                 A         B        C        D         E       F
            +---------+---------+-------+---------+---------+-------
      Total |   17947 |    6201 |  25.7 |     260 |      30 |  10.3
            +---------+---------+-------+---------+---------+-------
        D:1 |      47 |       0 |   0.0 |      24 |       0 |   0.0
        D:2 |      93 |       0 |   0.0 |      21 |       0 |   0.0
        D:3 |      47 |      13 |  21.7 |      16 |       5 |  23.8
        D:4 |     392 |      42 |   9.7 |      27 |       1 |   3.6
        D:5 |     500 |       0 |   0.0 |      13 |       0 |   0.0
        D:6 |    1236 |     559 |  31.1 |      24 |       2 |   7.7
        D:7 |    1481 |     283 |  16.0 |      31 |       1 |   3.1
        D:8 |    1162 |       0 |   0.0 |      26 |       0 |   0.0
        D:9 |     644 |    2412 |  78.9 |       4 |      17 |  81.0
       D:10 |    2823 |    2780 |  49.6 |      33 |       3 |   8.3
       D:11 |    3153 |       0 |   0.0 |      15 |       0 |   0.0
       D:12 |    6369 |     112 |   1.7 |      26 |       1 |   3.7
            +---------+---------+-------+---------+---------+-------
